 Dungeon Crawl Stone Soup version 0.21-a0-37-g7dc85f4 (webtiles) character file.

206 lungs the Chopper (level 5, -6/47 HPs)
             Began as a Minotaur Berserker on May 28, 2017.
             Was a Believer of Trog.
             Mangled by an ice beast (14 damage)
             ... on level 5 of the Dungeon.
             The game lasted 00:12:31 (2092 turns).

lungs the Chopper (Minotaur Berserker)              Turns: 2092, Time: 00:12:31

Health: -6/47      AC:  5    Str: 23    XL:     5   Next: 53%
Magic:  4/4        EV: 12    Int:  4    God:    Trog [**....]
Gold:   190        SH:  0    Dex:  9    Spells: 4/4 levels left

rFire    . . .     SeeInvis .   r - +0 hand axe (freeze)
rCold    . . .     Gourm    .   (no shield)
rNeg     . . .     Faith    .   j - +0 ring mail
rPois    .         Spirit   .   (helmet restricted)
rElec    .         Reflect  .   (no cloak)
rCorr    .         Harm     .   (no gloves)
MR       .....                  (no boots)
Stlth    ..........             (no amulet)
Regen    0.2/turn               (no ring)
MPRegen  0.1/turn               (no ring)

@: no status effects
A: retaliatory headbutt, horns 2
a: Berserk, Trog's Hand, Burn Spellbooks, Renounce Religion


You were on level 5 of the Dungeon.
You worshipped Trog.
Trog was pleased with you.
You were not hungry.

You visited 1 branch of the dungeon, and saw 5 of its levels.
You also visited: Sewer.

You collected 190 gold pieces.

Inventory:

Hand Weapons
 a - a +0 hand axe
 f - a cursed -2 club
 l - a +0 hunting sling
 r - a +0 hand axe of freezing (weapon)
Armour
 b - a +0 animal skin
 g - a +0 leather armour
 j - a +0 ring mail (worn)
Scrolls
 h - 3 scrolls of identify {unknown}
 o - 3 scrolls of remove curse {unknown}
 s - a scroll of teleportation {unknown}
 u - a scroll of enchant weapon {unknown}
 w - a scroll of fear {unknown}
Potions
 e - a potion of curing {unknown}
 i - 2 potions of heal wounds {unknown}
 k - 2 potions of flight {unknown}
 p - 2 potions of resistance {unknown}
 q - a potion of magic {unknown}
 v - a potion of agility {unknown}
Comestibles
 c - 4 bread rations
 d - 2 fruits
 m - a meat ration
 n - 2 royal jellies
 t - a chunk of flesh


   Skills:
 + Level 4.4 Fighting
 * Level 6.2 Axes
 + Level 3.4 Armour
 + Level 2.9 Dodging


You had 4 spell levels left.
You didn't know any spells.

Dungeon Overview and Level Annotations

Branches:
Dungeon (5/15)
 Temple: D:4-7

Altars:
Ashenzari
Fedhas
Hepliaklqana


Innate Abilities, Weirdness & Mutations

You reflexively headbutt those who attack you in melee.
You have a pair of horns on your head.


Message History

The ice beast is lightly wounded.
The ice beast barely misses you. You furiously retaliate!
You headbutt the ice beast! You hit the ice beast but do no damage.
The ice beast is heavily wounded.
The ice beast hits you. The ice beast freezes you!
* * * LOW HITPOINT WARNING * * *
You hit the ice beast.
The ice beast is severely wounded.
The ice beast closely misses you. You furiously retaliate!
You headbutt the ice beast. You barely miss the ice beast.
The ice beast is severely wounded.
The ice beast hits you but does no damage.
You barely miss the ice beast.
The ice beast is severely wounded.
The ice beast hits you.
* * * LOW HITPOINT WARNING * * *
The ice beast freezes you!
You die...

####.# #...#..#.###
....#......#
####...%#.##.#.#
####.......#..#.#.#
#.........##..#<#.#
#.........#...#.#.#
#.......##.###.#.#
#....@Y.#......#.#
##.....##........#
###...##...........
#................##
#.#..#.#.#########
#....#.#.#
######.#.# ..#.#
###.#


You could see an ice beast.

Vanquished Creatures
  The ghost of blackwizard the Firebug, an amateur TrFE (D:3)
  7 adders
  A dart slug (D:1)
  An orc (D:3)
  2 giant cockroaches (D:1)
  7 goblins
  4 hobgoblins
  9 jackals
  A quokka (D:3)
  2 ball pythons
  5 bats
  2 frilled lizards
  4 kobolds
  11 rats
  4 plants (D:1)
61 creatures vanquished.

Notes
Turn   | Place    | Note
-------+----------+-------------------------------------------
     0 | D:1      | lungs the Minotaur Berserker began the quest for the Orb.
     0 | D:1      | Reached XP level 1. HP: 19/19 MP: 0/0
   261 | D:1      | Reached skill level 4 in Axes
   264 | D:1      | Reached XP level 2. HP: 26/27 MP: 1/1
   501 | D:1      | Found a shattered altar of Ashenzari.
   554 | D:1      | Reached ** piety under Trog
   876 | D:2      | Reached XP level 3. HP: 33/33 MP: 2/2
   882 | D:2      | Found a hazy altar of Hepliaklqana.
  1039 | D:2      | Found a blossoming altar of Fedhas.
  1294 | D:2      | Reached skill level 5 in Axes
  1531 | D:2      | Reached XP level 4. HP: 38/40 MP: 3/3
  1687 | D:3      | Found a glowing drain.
  1754 | Sewer    | Entered a sewer
  1913 | D:3      | Noticed blackwizard's ghost (amateur TrFE)
  1932 | D:3      | Killed blackwizard's ghost
  1932 | D:3      | Reached skill level 6 in Axes
  1932 | D:3      | Reached XP level 5. HP: 10/47 MP: 4/4
  2064 | D:5      | Entered Level 5 of the Dungeon
  2082 | D:5      | Noticed an ice beast
  2092 | D:5      | Mangled by an ice beast

Vault maps used:
D:1:      dpeg_arrival_orchard, nicolae_ashenzari_panopticon
D:2:      lemuel_coloured_pillars_altar, hangedman_decor_push,
          lemuel_statue_altar
D:3:      portal_sewer_entry_a
D:4:      lemuel_temple_firewalk_b, first_bread, kennysheep_generic_room_10
D:5:      kennysheep_spiral_hall
Sewer:    sewer_co_cracked_pipes

Skill      XL: |  1  2  3  4 |
---------------+-------------+-----
Axes           | 4 5 6 |  6.2
Fighting       | 4 |  4.4
Armour         | 3 |  3.4
Dodging        | |  2.9

Action                   |  1- 3 |  4- 6 || total
-------------------------+-------+-------++-------
Melee: Hand axe          |   155 |    64 ||   219
       Headbutt          |    57 |     7 ||    64
  Eat: Chunk             |     1 |     3 ||     4
Armor: Animal skin       |     1 |       ||     1
       Ring mail         |    28 |    27 ||    55
       Leather armour    |     4 |       ||     4
Dodge: Dodged            |    62 |    48 ||   110
